 Dungeon Crawl Stone Soup version 0.29.1-12-g30fa7ad0bf (webtiles) character file.

Game seed: 16956792007191737657

2015607 attackplan the Axe Maniac (level 27, 300/300 HPs)
             Began as a Hill Orc Fighter on Jan 7, 2023.
             Was the Champion of Trog.
             Escaped with the Orb
             ... and 4 runes!
             The game lasted 04:26:00 (93093 turns).

attackplan the Axe Maniac (Hill Orc Fighter)       Turns: 93093, Time: 04:26:01

Health: 300/300    AC: 51    Str: 31    XL:     27
Magic:  20/20      EV: 13    Int:  6    God:    Trog [******]
Gold:   8223       SH: 33    Dex: 10    Spells: 26/26 levels left

rFire   + + +      SeeInvis +   U - +9 broad axe (vorpal)
rCold   + + +      Faith    .   a - +5 tower shield {rC+}
rNeg    + . .      Spirit   .   Q - +9 gold dragon scales
rPois   +          Reflect  .   Z - +1 helmet {SInv}
rElec   +          Harm     .   O - +2 cloak "Ryeveg" {Fly rF+}
rCorr   .          Rampage  .   c - +2 pair of gloves {hurl}
Will    +++++      Clarity  +   D - +2 pair of boots
Stlth   ..........              H - amulet of the Four Winds {rN+ Will+++ Clar}
HPRegen 0.60/turn               j - ring of protection from fire
MPRegen 0.17/turn               P - ring "Hones" {Fly rElec SInv}

@: flying
A: large bone plates 1, berserk 1, cold resistance 1, deterioration 2, dopey 1,
low MP 1, strong-willed 2, robust 1, screaming 2, weak 1, no potion heal 1,
subdued magic 1, inability to drink after injury 1, inability to read after
injury 1
0: Orb of Zot
}: 4/15 runes: decaying, serpentine, slimy, silver
a: Renounce Religion, Berserk, Trog's Hand, Brothers in Arms


You escaped.
You worshipped Trog.
Trog was exalted by your worship.
You visited 11 branches of the dungeon, and saw 53 of its levels.
You visited 1 ziggurat, and saw 11 of its levels.
You also visited: Bailey, Ice Cave and Wizlab.

You collected 9544 gold pieces.
You spent 1321 gold pieces at shops.

Inventory:

Hand Weapons
 L - the +11 hand axe "Xomy" {holy, rElec}
   (You took it off a deep elf annihilator on level 5 of the Vaults)

   It has been blessed by the Shining One to cause great damage to the undead
   and demons.
   rElec:     It insulates you from electricity.
 U - a +9 vorpal broad axe (weapon)
Armour
 a - a +5 tower shield of cold resistance (worn)
 c - a +2 pair of gloves of hurling (worn)
 x - a +0 cloak of willpower
 D - a +2 pair of boots (worn)
 O - the +2 cloak "Ryeveg" (worn) {Fly rF+}
   (You found it on level 3 of the Elven Halls)

   rF:        It protects you from fire.
   Fly:       It grants you flight.
 Q - +9 gold dragon scales (worn)
 Z - a +1 helmet of see invisible (worn)
Jewellery
 b - an amulet of reflection
 d - the amulet of Ziniywke {Spirit rC++ Stlth+}
   (You found it on level 5 of the Vaults)

   [amulet of guardian spirit]

   It causes incoming damage to be divided between your reserves of health and
   magic.
   rC:        It greatly protects you from cold.
   Stlth:     It makes you more stealthy.
 e - the amulet "Ybar" {Spirit rC+ Stlth+}
   (You took it off a deep elf annihilator on level 5 of the Vaults)

   [amulet of guardian spirit]

   It causes incoming damage to be divided between your reserves of health and
   magic.
   rC:        It protects you from cold.
   Stlth:     It makes you more stealthy.
 h - a ring of willpower
 j - a ring of protection from fire (left hand)
 n - the ring of the Shining One's Hope {*Slow rF+++ rC+ rN+ Int+2}
   (You acquired it on level 4 of the Vaults)

   [ring of protection from cold]

   Int:       It affects your intelligence (+2).
   rF:        It renders you almost immune to fire.
   rC:        It protects you from cold.
   rN:        It protects you from negative energy.
   *Slow:     It may slow you when you take damage.
 v - a ring of protection from fire
 w - the ring "Nuennu Tups" {rN+ Dex+2}
   (You found it on level 2 of the Depths)

   [ring of positive energy]

   Dex:       It affects your dexterity (+2).
   rN:        It protects you from negative energy.
 y - an amulet of guardian spirit
 G - the ring "Vympar" {Fly rC+ EV+4 Int+4}
   (You found it in a wizard's laboratory)

   [ring of evasion]

   EV:        It affects your evasion (+4).
   Int:       It affects your intelligence (+4).
   rC:        It protects you from cold.
   Fly:       It grants you flight.
 H - the amulet of the Four Winds (around neck) {rN+ Will+++ Clar}
   (You found it on level 2 of the Depths)

   [amulet of nothing]

   rN:        It protects you from negative energy.
   Clar:      It protects you against confusion.
   Will:      It greatly increases your willpower.
 P - the ring "Hones" (right hand) {Fly rElec SInv}
   (You bought it in a shop on level 1 of the Depths)

   [ring of flight]

   rElec:     It insulates you from electricity.
   SInv:      It lets you see invisible.
   Fly:       It grants you flight.
 T - a ring of willpower
 X - the ring of the Lobster {rC+ rCorr Int-4 Dex+7}
   (You found it on level 5 of the Vaults)

   [ring of protection from cold]

   Int:       It affects your intelligence (-4).
   Dex:       It affects your dexterity (+7).
   rC:        It protects you from cold.
   rCorr:     It protects you from acid and corrosion.
Wands
 g - a wand of acid (38)
 o - a wand of flame (14)
 u - a wand of charming (36)
 R - a wand of digging (21)
 S - a wand of iceblast (7)
 W - a wand of polymorph (16)
Scrolls
 k - 9 scrolls of teleportation
 p - 10 scrolls of poison
 q - 4 scrolls of vulnerability
 r - 6 scrolls of fear
 z - 2 scrolls of summoning
 F - 12 scrolls of magic mapping
 I - 10 scrolls of fog
 K - 4 scrolls of blinking
 V - 3 scrolls of silence
Potions
 f - 9 potions of mutation
 i - 17 potions of curing
 l - 5 potions of resistance
 m - 2 potions of berserk rage
 s - 3 potions of lignification
 t - 13 potions of haste
 A - 9 potions of flight
 B - a potion of invisibility
 C - 12 potions of attraction
 E - 8 potions of cancellation
 J - 3 potions of magic
 M - 12 potions of might
 N - 2 potions of heal wounds


   Skills:
 O Level 27 Fighting
 O Level 27 Axes
 O Level 27 Armour
 * Level 17.4 Dodging
 O Level 27 Shields
 + Level 9.7 Evocations


You had 26 spell levels left.
You didn't know any spells.
Your spell library contained the following spells:

 Spells                   Type           Power      Damage    Failure   Level
 Magic Dart               Conj           0%         1d3       92%         1
 Call Imp                 Summ           0%         N/A       98%         2
 Mephitic Cloud           Conj/Pois/Air  0%         N/A       100%        3


Dungeon Overview and Level Annotations

Branches:
Dungeon (15/15)            Temple (1/1) D:5            Lair (5/5) D:9
  Swamp (4/4) Lair:2        Snake (4/4) Lair:2        Slime (5/5) Lair:4
    Orc (2/2) D:10            Elf (3/3) Orc:2        Vaults (5/5) D:13
  Crypt (0/3) Vaults:3     Depths (4/4) D:15            Zot (5/5) Depths:4
 Bailey (visited)           IceCv (visited)          WizLab (visited)

Altars:
Ashenzari
Cheibriados
Elyvilon
Fedhas
Gozag
Hepliaklqana
Kikubaaqudgha
Makhleb
Nemelex Xobeh
Okawaru
Qazlal
Ru
Trog
Uskayaw
Vehumet
Wu Jian
Xom
Yredelemnul
Zin
The Shining One
Beogh
Jiyva
Lugonu

Shops:
D:3 :   D:7 (   D:15 :   Orc:2 :(!=   Elf:2 *   Snake:3 *   Vaults:2 :[
Vaults:4 ?   Zot:2 *   Depths:1 =   Depths:2 (*

Portals:
Hell: Depths:1 Depths:2 Depths:3 Depths:4
Abyss: Depths:2 Depths:3
Pandemonium: Depths:2
Trove: Depths:2 (lose all piety)

Annotations:
Swamp:2 4 transporters, exclusion: obsidian statue, xzight's ghost, adept MiBe
Vaults:1 1 transporter
Depths:4 2 runed translucent doors


Innate Abilities, Weirdness & Mutations

You are partially covered in large bone plates. (SH +4)
You sometimes lose your temper in combat.
Your flesh is cold resistant. (rC+)
Your body often deteriorates upon taking damage.
You are dopey. (Int -2)
Your magical capacity is low. (-10% MP)
You are highly strong-willed. (Will++)
You are robust. (+10% HP)
You frequently scream uncontrollably at your foes.
You are weak. (Str -2)
Potions are less effective at restoring your health.
Your spells are a little easier to cast, but a little less powerful.
You occasionally lose the ability to drink potions when taking damage.
You occasionally lose the ability to read scrolls when taking damage.


Message History

Trog accepts your kill.
Things that are here:
a +0 leather armour; a +0 whip
There is a stone staircase leading up here.
You fly upwards.
There is a stone staircase leading down here.
A shadow demon comes into view.
You block the shadow demon's attack.
You slash the shadow demon!
The shadow demon is moderately wounded.
You hit the shadow demon.
The shadow demon is heavily wounded.
You block the shadow demon's attack.
You slash the shadow demon!
The shadow demon is almost dead.
You block the shadow demon's attack.
You closely miss the shadow demon.
The shadow demon is almost dead.
You slash the shadow demon!
You kill the shadow demon!
Trog accepts your kill.
There is a stone staircase leading up here.
You fly upwards.
There is a stone staircase leading down here.
There is a stone staircase leading up here.
You fly upwards.
There is a stone staircase leading down here.
There is an escape hatch in the floor here.
There is an escape hatch in the ceiling here.
You see here a ring of wizardry.
A mysterious force pulls you upwards. The hatch slams shut behind you.
There is an open door here.
A balrug and 2 sun demons come into view.
The balrug is wielding a +2 demon whip of venom.
The sun demon shouts!
The sun demon moves out of view.
There is a staircase leading out of the dungeon here.
The balrug gestures at you. The bolt of fire misses you.
You have escaped!

#...........###.# #######.###.#
#.# #.###.# #.# ### #.##..# #.# #
#.# ####'## ### # ###.# #...#
#### # #...# #...# #..# ###..##
###...### ##.# .....# #......@#
##.##########
.....#####.......####............
#######.............##.######.###
# #......⌠......'..# #.# #
#.............#..# #.# #
####.......####..######.#
#....32.# #.##......# ####
###..3### #.##.####.# ...## #...#
#.##.####.#


You could see a balrug and 2 sun demons.

Vanquished Creatures
  the Royal Jelly (Slime:5)
  Dissolution (Slime:3)
  2 ancient liches (Zot:5)
  Mara (Snake:2)
  2 dread liches
  12 orbs of fire
  2 royal mummies (Zig:11)
  Parghit (Zot:4)
  A shard shrike (IceCv)
  5 Killer Klowns
  the Lernaean hydra (Swamp:4)
  3 curse toes
  Bai Suzhen (Snake:2)
  Jory (Depths:3)
  11 golden dragons
  Nikola (Elf:1)
  2 bone dragons (Depths:4)
  A doom hound (Zig:2)
  2 electric golems (Zot:5)
  3 Tzitzimimeh
  A Brimstone Fiend (D:12)
  A Hell Sentinel (Zig:1)
  An Ice Fiend (D:5)
  17 tentacled monstrosities
  4 liches
  28 Orb Guardians
  A moon troll (WizLab)
  6 deep elf blademasters
  7 quicksilver dragons
  4 deep elf master archers (Elf:3)
  5 death cobs
  3 Executioners (Depths:2)
  8 titans
  23 acid blobs
  2 sphinxes
  9 tentacled starspawn (WizLab)
  An ancient champion (Zig:9)
  10 shadow dragons
  Kirke (D:13)
  Donald (Snake:3)
  10 storm dragons
  9 tengu reavers
  A revenant (Depths:3)
  A thorn hunter (Swamp:4)
  10 draconian monks
  13 azure jellies
  7 nagarajas
  14 rockslimes
  8 draconian scorchers
  9 fire giants
  9 deep elf sorcerers
  4 cacodemons
  11 frost giants
  Louise (Snake:1)
  2 spectral caustic shrikes (Depths:3)
  4 orc warlords
  8 draconian knights
  4 spectral juggernauts
  Aizul (Snake:3)
  4 ghost moths
  15 vault wardens
  2 iron dragons
  The ghost of p0werm0de the Reanimator, an adept VSCA of Cheibriados (Elf:3)
  3 draconian stormcallers
  6 deep elf elementalists (Elf:3)
  4 juggernaut zombies
  4 spriggan defenders (Depths:3)
  9 draconian shifters
  A caustic shrike skeleton (Zig:11)
  2 reapers
  12 ironbound preservers
  11 stone giants
  8 draconian annihilators
  46 very ugly things
  8 ironbound thunderhulks
  5 war gargoyles
  12 quicksilver oozes
  2 vampire knights
  7 eleionomae
  2 bennus (Zig:11)
  12 yellow draconians
  8 black draconians
  8 deep elf demonologists
  12 green draconians
  Nessos (D:13)
  8 deep elf annihilators
  2 entropy weavers
  Azrael (Snake:2)
  16 red draconians
  A spark wasp (shapeshifter) (Vaults:4)
  11 dire elephants
  13 white draconians
  12 purple draconians
  3 bunyips
  Snorg (D:12)
  7 spark wasps
  3 blizzard demons
  An eidolon (Depths:3)
  3 merfolk impalers
  2 green deaths (Swamp:4)
  7 ettins
  3 mummy priests (Zig:11)
  15 deep elf death magi
  3 spectral golden dragons (Depths:3)
  2 crystal guardians
  7 jiangshi
  34 vault guards
  A quicksilver dragon zombie (Vaults:1)
  2 merfolk javelineers (Zig:8)
  10 yaktaur captains
  10 deep elf high priests
  8 fire dragons
  3 spectral tengu
  7 great orbs of eyes
  The ghost of kwasso the Green Death, a journeyman PaFi of Fedhas (D:10)
  5 spriggan air magi
  3 spectral spriggans
  A peacekeeper (Vaults:4)
  A caustic shrike simulacrum (Depths:3)
  11 hydras
  3 boulder beetles
  A ghost crab (Swamp:2)
  A salamander tyrant (Snake:4)
  A spriggan zombie (Depths:2)
  2 rakshasas
  4 hell beasts (Depths:3)
  A spriggan skeleton (Depths:2)
  3 merfolk aquamancers (Zig:8)
  7 alligators
  10 ironbound frosthearts
  8 ice dragons
  18 centaur warriors
  6 deep troll earth magi
  5 ogre magi
  2 deep troll shamans
  An anaconda (shapeshifter) (Vaults:4)
  22 two-headed ogres
  4 anacondas
  4 death yaks
  A spectral fire giant (Depths:2)
  9 vampire magi
  9 naga warriors
  2 death scarabs (Zig:11)
  Urug (D:12)
  3 hell hogs (Depths:1)
  4 tengu warriors
  8 spriggan berserkers
  32 dancing weapons
  8 naga sharpshooters
  A spectral storm dragon (Depths:2)
  3 orc high priests
  7 shock serpents
  2 thrashing horrors (Swamp:4)
  A titan zombie (Depths:3)
  14 deep elf knights
  A sun demon (D:5)
  5 iron trolls
  A titan skeleton (Depths:2)
  11 hell knights
  6 goliath frogs
  A fire crab (shapeshifter) (Elf:2)
  A shadow wraith (Depths:3)
  4 spriggan druids
  2 salamander mystics
  A spectral spark wasp (Depths:2)
  8 skeletal warriors
  6 swamp dragons
  40 deep trolls
  13 glowing orange brains
  8 deep elf archers
  10 flayed ghosts
  16 ironbound convokers
  4 naga ritualists
  6 bog bodies
  6 harpies
  9 phantasmal warriors
  2 golden dragon skeletons
  A shadow demon (D:4)
  9 wizards
  11 lindwurms
  An obsidian statue (Zot:5)
  4 orc knights
  2 orange crystal statues
  21 deep elf zephyrmancers
  Pikel (D:9)
  7 necromancers
  A mana viper (shapeshifter) (Zig:10)
  33 deep elf pyromancers
  9 cyclopes
  45 ugly things
  11 mana vipers
  A tengu zombie (Vaults:1)
  6 orc sorcerers
  6 manticores
  2 frost giant zombies
  A tengu skeleton (Depths:2)
  4 oklob plants
  2 shining eyes (Slime:1)
  12 salamanders
  The ghost of funkygono the Firebug, a novice DsFE (D:6)
  8 large abominations (Depths:3)
  A sphinx skeleton (Depths:2)
  3 will-o-the-wisps
  2 spectral centaurs (D:10)
  23 moths of wrath
  17 vault sentinels
  2 ice statues (D:14)
  7 eyes of devastation
  3 guardian serpents
  A water nymph (Zig:8)
  32 black mambas
  A titan simulacrum (Depths:2)
  A water nymph (shapeshifter) (Vaults:4)
  6 elephants (Lair:3)
  16 cane toads
  2 orange demons (Swamp:4)
  2 torpor snails
  15 naga magi
  A human zombie (Vaults:1)
  A gargoyle (D:10)
  2 rust devils
  24 rime drakes
  A cane toad (shapeshifter) (D:14)
  A hellion (Zot:1)
  A spark wasp simulacrum (Depths:2)
  27 yaktaurs
  5 unseen horrors
  A spectral human (Depths:2)
  5 tormentors
  2 efreet
  7 guardian mummies
  3 ice devils (Zig:7)
  14 komodo dragons
  4 tengu conjurers
  A spectral glowing shapeshifter (Depths:2)
  2 golden dragon simulacra
  A queen bee (Lair:4)
  A merfolk (Zig:8)
  A shadow dragon simulacrum (Depths:2)
  12 polar bears
  3 meliai (Lair:4)
  7 freezing wraiths
  9 trolls
  32 blink frogs
  9 hornets
  A bloated husk (Swamp:2)
  2 queen bees (shapeshifter)
  13 tyrant leeches
  Prince Ribbit (D:5)
  140 slime creatures
  Grinder (D:6)
  A spectral meliai (D:10)
  4 dream sheep (Lair:4)
  2 fire giant simulacra (Depths:2)
  A frost giant simulacrum (Depths:2)
  7 flying skulls
  A spectral floating eye (Depths:2)
  10 spriggans
  4 shadows
  9 water elementals
  6 wraiths
  32 yaks
  2 air elementals (Elf:2)
  6 wyverns
  3 hogs
  3 vampires
  A hog (shapeshifter) (Vaults:4)
  3 basilisks
  16 golden eyes
  4 humans (Bailey)
  2 neqoxecs
  2 ushabtiu (Zig:6)
  9 fire elementals
  28 vampire mosquitoes
  A golden eye (shapeshifter) (D:14)
  7 redbacks
  4 chaos spawn
  A steam dragon (Lair:1)
  13 swamp worms
  2 wargs
  34 nagas
  2 acid dragons
  13 water moccasins
  3 glowing shapeshifter zombies
  6 hell hounds
  A human skeleton (Zig:6)
  4 swamp drakes
  9 ice beasts
  4 black bears
  42 orc warriors
  A meliai simulacrum (D:10)
  3 sky beasts
  15 ogres
  37 centaurs
  4 boggarts (Vaults:1)
  8 wolves
  3 lemures (D:9)
  8 scorpions
  2 necrophages (D:5)
  A gnoll sergeant (D:12)
  26 bullfrogs
  4 small abominations (Depths:3)
  A glowing shapeshifter simulacrum (Vaults:1)
  4 earth elementals
  6 wights
  28 killer bees
  2 electric eels (Lair:5)
  6 howler monkeys
  Crazy Yiuf (D:6)
  14 orc priests
  2 jellies
  A wyvern simulacrum (D:6)
  3 hounds
  A gnoll bouda (D:7)
  Terence (D:2)
  13 iguanas
  12 orc wizards
  A centaur simulacrum (D:6)
  22 mummies
  17 gnolls
  6 adders
  5 white imps
  An ufetubus (D:7)
  A dart slug (D:5)
  69 orcs
  7 ball pythons
  2 bats (D:2)
  4 endoplasms
  2 giant cockroaches (D:2)
  7 goblins
  6 hobgoblins
  4 jackals (D:4)
  3 quokkas
  15 frilled lizards
  4 kobolds
  3 rats
  A spectral kobold (D:1)
  8 starspawn tentacles (WizLab)
2470 creatures vanquished.

Vanquished Creatures (collateral kills)
  A quicksilver dragon (Snake:4)
  2 acid blobs (Slime:5)
  2 rockslimes (Slime:5)
  A shambling mangrove (Swamp:3)
  3 hydras
  A spriggan (Swamp:1)
  A rime drake (Lair:5)
  4 hornets
  A tyrant leech (Swamp:1)
  A water moccasin (Lair:5)
17 creatures vanquished.

Vanquished Creatures (others)
  A deep elf demonologist (Elf:3)
  A hell beast (Swamp:4)
  2 deep elf archers
  A deep elf pyromancer (Elf:1)
  2 deep elf zephyrmancers
  A spectral centaur (D:10)
  2 bloated husks
  A slime creature (D:12)
  An air elemental (Elf:2)
  A water elemental (Zig:8)
  A swamp worm (Swamp:1)
  An orc warrior (Elf:1)
  An ogre (Orc:2)
  An electric eel (Lair:2)
  3 iguanas (Lair:2)
  2 orc wizards (Elf:1)
  3 orcs
  A demonic plant (WizLab)
  10 foxfires
  30 fungi
  115 plants
  9 starspawn tentacles (WizLab)
190 creatures vanquished.

Grand Total: 2677 creatures vanquished

Notes
Turn   | Place    | Note
-------+----------+-------------------------------------------
     0 | D:1      | attackplan the Hill Orc Fighter began the quest for the
                  | Orb.
     0 | D:1      | Reached XP level 1. HP: 19/19 MP: 1/1
    69 | D:1      | Found a faded altar of an unknown god.
   879 | D:2      | Reached XP level 2. HP: 27/27 MP: 2/2
  1168 | D:1      | Reached XP level 3. HP: 24/33 MP: 3/3
  1512 | D:2      | Noticed Terence
  1518 | D:2      | Killed Terence
  1519 | D:2      | Reached XP level 4. HP: 26/41 MP: 4/4
  1854 | D:2      | You fall into a shaft and drop 2 floors!
  1855 | D:4      | Noticed a sky beast
  1916 | D:4      | Killed a sky beast
  1917 | D:4      | Reached skill level 5 in Axes
  1917 | D:4      | Reached XP level 5. HP: 23/47 MP: 5/5
  2163 | D:4      | Found a snail-covered altar of Cheibriados.
  2269 | D:2      | Reached XP level 6. HP: 48/55 MP: 6/6
  2529 | D:3      | Reached skill level 5 in Fighting
  2601 | D:3      | Found Xiuklola's Book Boutique.
  3366 | D:4      | Reached skill level 5 in Armour
  3487 | D:5      | Entered Level 5 of the Dungeon
  3623 | D:5      | Noticed an ice beast
  3634 | D:5      | Killed an ice beast
  3635 | D:5      | Reached XP level 7. HP: 61/61 MP: 7/7
  3704 | D:5      | Noticed Prince Ribbit
  3987 | D:5      | Found a staircase to the Ecumenical Temple.
  3996 | Temple   | Entered the Ecumenical Temple
  4141 | Temple   | Became a worshipper of Trog the Wrathful
  4214 | D:5      | Reached XP level 8. HP: 52/70 MP: 8/8
  4435 | D:5      | Killed Prince Ribbit
  4482 | D:5      | Found a burning altar of Makhleb.
  4639 | D:5      | Found a white marble altar of Elyvilon.
  4710 | D:5      | Found an ornate altar of the Wu Jian Council.
  4733 | D:5      | Found a radiant altar of Vehumet.
  4906 | D:6      | Found a runed translucent gate.
  4907 | D:6      | Found a runed translucent gate.
  4908 | D:6      | Found a runed translucent gate.
  5053 | D:5      | Reached XP level 9. HP: 79/79 MP: 9/9
  5102 | D:6      | Noticed funkygono's ghost (novice DsFE)
  5184 | D:6      | Found a stormy altar of Qazlal.
  5292 | D:5      | Reached skill level 10 in Axes
  5420 | D:6      | Reached * piety under Trog
  5452 | D:6      | Noticed Grinder
  5627 | D:7      | Reached skill level 5 in Shields
  5670 | D:7      | Found a glowing golden altar of the Shining One.
  5670 | D:7      | Found an ancient bone altar of Kikubaaqudgha.
  5671 | D:7      | Found an opulent altar of Gozag.
  5683 | D:7      | Found a shimmering altar of Xom.
  5725 | D:7      | Found Agiung's Antique Weapon Boutique.
  5994 | D:7      | Noticed a troll
  6199 | D:6      | Paralysed by Grinder for 5 turns
  6218 | D:6      | Killed Grinder
  6435 | D:6      | Found a runed translucent door.
  6436 | D:6      | Noticed Crazy Yiuf
  6577 | D:6      | Killed Crazy Yiuf
  6716 | D:7      | Killed a troll
  7349 | D:7      | Identified a scroll of acquirement
  7357 | D:7      | Gained mutation: You are somewhat resistant to further
                  | mutation. [potion of mutation]
  7357 | D:7      | Gained mutation: You have a pair of small antennae on your
                  | head. [potion of mutation]
  7532 | D:8      | Reached XP level 10. HP: 90/90 MP: 10/10
  8066 | D:8      | Found the +7 mace of Variability {chain chaos}
  8075 | D:8      | Found a shimmering altar of Xom.
  8411 | D:9      | Noticed a two-headed ogre
  8671 | D:9      | Found an iron altar of Okawaru.
  8684 | D:9      | Noticed a two-headed ogre
  8916 | D:8      | Killed a two-headed ogre
  8975 | D:9      | Reached ** piety under Trog
  9073 | D:9      | Killed a two-headed ogre
  9074 | D:9      | Reached skill level 1 in Evocations
  9136 | D:9      | Reached skill level 10 in Armour
  9167 | D:9      | Noticed Pikel
  9211 | D:9      | Killed Pikel
  9212 | D:9      | Reached XP level 11. HP: 49/99 MP: 11/11
  9275 | D:9      | Found a staircase to the Lair.
  9596 | D:10     | Entered Level 10 of the Dungeon
  9607 | D:10     | Reached skill level 10 in Fighting
  9653 | D:10     | Found a stormy altar of Qazlal.
  9684 | D:10     | Found a hazy altar of Hepliaklqana.
  9762 | D:10     | Noticed a two-headed ogre
  9771 | D:10     | Killed a two-headed ogre
  9862 | D:10     | Found a flagged portal.
  9875 | Bailey   | Entered a bailey
 10008 | Bailey   | Noticed a vault guard
 10021 | Bailey   | Killed a vault guard
 10022 | Bailey   | Reached skill level 15 in Axes
 10170 | Bailey   | Noticed a vault guard
 10184 | Bailey   | Killed a vault guard
 10710 | D:10     | Reached *** piety under Trog
 10764 | D:10     | Found a runed translucent gate.
 10764 | D:10     | Found a runed translucent gate.
 10764 | D:10     | Found a runed translucent gate.
 10765 | D:10     | Noticed kwasso's ghost (journeyman PaFi)
 10919 | D:10     | Found a staircase to the Orcish Mines.
 11155 | D:11     | Reached XP level 12. HP: 100/110 MP: 12/12
 11301 | D:11     | Noticed a centaur warrior
 11318 | D:11     | Killed a centaur warrior
 11540 | D:11     | Noticed an eight-headed hydra
 11549 | D:11     | Killed an eight-headed hydra
 11599 | D:11     | Noticed a two-headed ogre
 11616 | D:11     | Killed a two-headed ogre
 11617 | D:11     | Reached skill level 1 in Dodging
 12260 | D:12     | Noticed a two-headed ogre
 12369 | Lair:1   | Entered Level 1 of the Lair of Beasts
 12573 | Lair:1   | Noticed a four-headed hydra
 12580 | Lair:1   | Killed a four-headed hydra
 12742 | Lair:1   | Identified the +0 cloak of Ohoecs {rPois rC- Dex+3}
 13111 | Lair:1   | Noticed a death yak
 13111 | Lair:1   | Noticed a dire elephant
 13235 | Orc:1    | Entered Level 1 of the Orcish Mines
 13246 | Orc:1    | Found a roughly hewn altar of Beogh.
 13325 | Orc:2    | Entered Level 2 of the Orcish Mines
 13408 | Orc:1    | Reached **** piety under Trog
 13409 | Orc:1    | Reached XP level 13. HP: 81/119 MP: 13/13
 13602 | Orc:2    | Paralysed by an orc sorcerer for 3 turns
 14153 | D:12     | Noticed Urug
 14184 | D:12     | Killed Urug
 14263 | D:12     | Identified the +9 chain mail of the Forest {rCorr Str+3
                  | Dex-5}
 15881 | D:12     | Identified the +3 triple crossbow of the Witching Priest
                  | {venom, Fragile rPois SInv}
 15891 | D:12     | Reached XP level 14. HP: 132/132 MP: 14/14
 15898 | D:12     | Reached skill level 15 in Armour
 16421 | D:12     | Identified the +0 scale mail of the Griffon {Int+2 SInv}
 16553 | D:13     | Found a gate to the Vaults.
 17119 | Lair:2   | Found a staircase to the Snake Pit.
 17330 | Lair:2   | Found a staircase to the Swamp.
 18040 | Lair:3   | Reached skill level 15 in Fighting
 18048 | Lair:3   | Reached ***** piety under Trog
 19310 | Lair:3   | Received a gift from Trog
 19684 | Lair:4   | Reached skill level 10 in Shields
 19749 | Lair:4   | Reached XP level 15. HP: 138/143 MP: 15/15
 20014 | Lair:4   | Found a viscous altar of Jiyva.
 20019 | Lair:4   | Found a staircase to the Slime Pits.
 20246 | Lair:5   | Entered Level 5 of the Lair of Beasts
 20910 | Lair:5   | Identified the +0 hand axe of Famine {protect, rPois rCorr
                  | MP-9}
 20937 | Lair:5   | Identified the amulet "Wobidgh" {Reflect Str+2 Int+5 SH+5}
 21658 | Orc:2    | Paralysed by an orc sorcerer for 5 turns
 21665 | Orc:1    | Paralysed by an orc sorcerer for 5 turns
 22228 | Orc:2    | Received a gift from Trog
 22263 | Orc:2    | Found Wieheatie's Weapon Boutique.
 22263 | Orc:2    | Found Geoxt's Distillery.
 22265 | Orc:2    | Found Ufawur's Jewellery Shoppe.
 22267 | Orc:2    | Found Sujogh's Book Shop.
 22431 | Orc:2    | Found a staircase to the Elven Halls.
 22723 | Orc:1    | Noticed an orc warlord
 22736 | Orc:1    | Killed an orc warlord
 23114 | D:13     | Noticed Kirke
 23175 | D:13     | Killed Kirke
 23358 | D:13     | Noticed Nessos
 23409 | D:13     | Noticed Snorg
 23442 | D:13     | Killed Nessos
 23452 | D:12     | Killed Snorg
 23478 | D:13     | Reached XP level 16. HP: 150/156 MP: 16/16
 23548 | D:13     | Received a gift from Trog
 23847 | D:13     | Found a roughly hewn altar of Beogh.
 24061 | D:14     | Found a frozen archway.
 24188 | IceCv    | Entered an ice cave
 24965 | IceCv    | Noticed a shard shrike
 24978 | IceCv    | Killed a shard shrike
 25933 | D:14     | Identified the +16 plate armour of Vehumet's Condemnation
                  | {Str+5}
 26272 | D:15     | Entered Level 15 of the Dungeon
 26394 | D:15     | Found Lib Anno's Book Boutique.
 26651 | D:15     | Found a staircase to the Depths.
 27584 | Snake:1  | Entered Level 1 of the Snake Pit
 27603 | Snake:1  | Received a gift from Trog
 27729 | Snake:1  | Reached XP level 17. HP: 166/166 MP: 17/17
 28170 | Snake:1  | Noticed Louise
 28192 | Snake:1  | Killed Louise
 28256 | Snake:1  | Found a sparkling altar of Nemelex Xobeh.
 29735 | Snake:2  | Noticed Azrael
 29758 | Snake:2  | Killed Azrael
 30973 | Snake:3  | Noticed Donald
 30987 | Snake:3  | Killed Donald
 30987 | Snake:3  | Received a gift from Trog
 31097 | Snake:3  | Noticed Bai Suzhen
 31539 | Snake:2  | Killed Bai Suzhen
 32511 | Snake:3  | Noticed Mara
 32533 | Snake:3  | Noticed attackplan's illusion
 32645 | Snake:3  | Noticed attackplan's illusion
 32713 | Snake:2  | Noticed attackplan's illusion
 32719 | Snake:2  | Noticed attackplan's illusion
 32734 | Snake:2  | Noticed attackplan's illusion
 32748 | Snake:2  | Killed Mara
 33596 | Snake:3  | Found Utallo's General Store.
 33844 | Snake:4  | Entered Level 4 of the Snake Pit
 34019 | Snake:4  | Noticed Aizul
 34034 | Snake:3  | Killed Aizul
 34933 | Snake:4  | Reached XP level 18. HP: 144/178 MP: 18/18
 35748 | Snake:4  | Noticed a quicksilver dragon
 35748 | Snake:4  | Noticed a quicksilver dragon
 35768 | Snake:4  | Killed a quicksilver dragon
 35769 | Snake:4  | Reached skill level 5 in Dodging
 35775 | Snake:4  | Killed a quicksilver dragon
 36253 | Snake:4  | Identified the +0 chain mail of the Bequeathed God {rPois}
 36417 | Snake:4  | Got a serpentine rune of Zot
 36618 | Swamp:1  | Entered Level 1 of the Swamp
 36867 | Swamp:1  | Reached skill level 15 in Shields
 37483 | Swamp:2  | Found a transporter.
 37633 | D:10     | Killed kwasso's ghost
 37811 | Swamp:2  | Received a gift from Trog
 37926 | Swamp:2  | Noticed a tentacled monstrosity
 37928 | Swamp:2  | Noticed a tentacled monstrosity
 37929 | Swamp:2  | Found a transporter.
 38264 | Swamp:2  | Noticed a tentacled monstrosity
 38390 | Swamp:2  | Found a transporter.
 38392 | Swamp:2  | Found a bloodstained altar of Trog.
 38412 | Swamp:2  | Found a transporter.
 38412 | Swamp:2  | Noticed xzight's ghost (adept MiBe)
 39820 | Swamp:4  | Entered Level 4 of the Swamp
 40657 | Swamp:4  | Reached XP level 19. HP: 180/188 MP: 19/19
 40661 | Swamp:4  | Received a gift from Trog
 40952 | Swamp:4  | Noticed the 27-headed Lernaean hydra
 41674 | Swamp:4  | Killed the 21-headed Lernaean hydra
 42179 | Swamp:4  | Got a decaying rune of Zot
 42618 | Vaults:1 | Entered Level 1 of the Vaults
 43270 | Vaults:1 | Found a magical portal.
 43275 | WizLab   | Entered Lehudib's Moon Base
 43412 | WizLab   | Received a gift from Trog
 44136 | WizLab   | Identified the ring "Vympar" {Fly rC+ EV+4 Int+4}
 44343 | WizLab   | Found a transporter.
 44365 | WizLab   | Reached XP level 20. HP: 164/200 MP: 20/20
 44911 | WizLab   | Found a transporter.
 45439 | WizLab   | Identified the ring "Wegob" {Fire rPois Str+3}
 46176 | Vaults:1 | Found a transporter.
 46178 | Vaults:1 | Found a radiant altar of Vehumet.
 46372 | Vaults:1 | Reached ****** piety under Trog
 46395 | Vaults:1 | Received a gift from Trog
 47556 | Vaults:2 | Found Xybboss's Armour Emporium.
 47737 | Vaults:2 | Found Guriekh's Book Boutique.
 48299 | Vaults:2 | Received a gift from Trog
 48300 | Vaults:2 | Reached XP level 21. HP: 183/211 MP: 21/21
 49774 | Vaults:3 | Found a staircase to the Crypt.
 49774 | Vaults:3 | Found a basalt altar of Yredelemnul.
 49774 | Vaults:3 | Found an ancient bone altar of Kikubaaqudgha.
 49943 | Vaults:3 | Identified the +10 arbalest of Autumn {elec, rElec rPois
                  | rC+ Stlth+}
 49947 | Vaults:3 | Identified the +7 arbalest "Banyc" {penet, rPois Str-5
                  | Int+5}
 50934 | Vaults:4 | Received a gift from Trog
 51653 | Vaults:4 | Found Keebrut's Magic Scroll Emporium.
 51917 | Vaults:4 | Lost mutation: You are somewhat resistant to further
                  | mutation. [potion of mutation]
 51917 | Vaults:4 | Lost mutation: You have a pair of small antennae on your
                  | head. [potion of mutation]
 51917 | Vaults:4 | Gained mutation: Your muscles are strong. (Str +4, Int/Dex
                  | -1) [potion of mutation]
 51917 | Vaults:4 | Gained mutation: Your magical capacity is low. (-10% MP)
                  | [potion of mutation]
 51917 | Vaults:4 | Lost mutation: Your muscles are strong. (Str +4, Int/Dex
                  | -1) [potion of mutation]
 51917 | Vaults:4 | Gained mutation: You have a pair of small horns on your
                  | head. [potion of mutation]
 51918 | Vaults:4 | Lost mutation: You have a pair of small horns on your head.
                  | [potion of mutation]
 51918 | Vaults:4 | Lost mutation: Your magical capacity is low. (-10% MP)
                  | [potion of mutation]
 51918 | Vaults:4 | Gained mutation: Your body sometimes deteriorates upon
                  | taking damage. [potion of mutation]
 51919 | Vaults:4 | Lost mutation: Your body sometimes deteriorates upon taking
                  | damage. [potion of mutation]
 51919 | Vaults:4 | Gained mutation: You expend magic power (3 MP) to
                  | strengthen your wands. [potion of mutation]
 51919 | Vaults:4 | Gained mutation: Your mind is acute. (Int +4, Str/Dex -1)
                  | [potion of mutation]
 51920 | Vaults:4 | Lost mutation: You expend magic power (3 MP) to strengthen
                  | your wands. [potion of mutation]
 51920 | Vaults:4 | Lost mutation: Your mind is acute. (Int +4, Str/Dex -1)
                  | [potion of mutation]
 51920 | Vaults:4 | Gained mutation: Your body sometimes deteriorates upon
                  | taking damage. [potion of mutation]
 51920 | Vaults:4 | Gained mutation: Your magical capacity is low. (-10% MP)
                  | [potion of mutation]
 51920 | Vaults:4 | Gained mutation: You sometimes lose your temper in combat.
                  | [potion of mutation]
 51920 | Vaults:4 | Gained mutation: You have a pair of small horns on your
                  | head. [potion of mutation]
 51921 | Vaults:4 | Lost mutation: Your body sometimes deteriorates upon taking
                  | damage. [potion of mutation]
 51921 | Vaults:4 | Lost mutation: Your magical capacity is low. (-10% MP)
                  | [potion of mutation]
 51921 | Vaults:4 | Lost mutation: You sometimes lose your temper in combat.
                  | [potion of mutation]
 51921 | Vaults:4 | Gained mutation: Your spells are a little harder to cast,
                  | but a little more powerful. [potion of mutation]
 51921 | Vaults:4 | Gained mutation: You have an increased reservoir of magic.
                  | (+10% MP) [potion of mutation]
 51922 | Vaults:4 | Lost mutation: You have a pair of small horns on your head.
                  | [potion of mutation]
 51922 | Vaults:4 | Lost mutation: You have an increased reservoir of magic.
                  | (+10% MP) [potion of mutation]
 51922 | Vaults:4 | Lost mutation: Your spells are a little harder to cast, but
                  | a little more powerful. [potion of mutation]
 51922 | Vaults:4 | Gained mutation: You have large cloven feet. [potion of
                  | mutation]
 51922 | Vaults:4 | Gained mutation: You occasionally lose the ability to read
                  | scrolls when taking damage. [potion of mutation]
 51922 | Vaults:4 | Gained mutation: You are weak. (Str -2) [potion of
                  | mutation]
 51923 | Vaults:4 | Lost mutation: You have large cloven feet. [potion of
                  | mutation]
 51923 | Vaults:4 | Lost mutation: You are weak. (Str -2) [potion of mutation]
 51923 | Vaults:4 | Gained mutation: You possess an exceptional clarity of
                  | mind. [potion of mutation]
 51923 | Vaults:4 | Gained mutation: Your muscles are strong. (Str +4, Int/Dex
                  | -1) [potion of mutation]
 51948 | Vaults:5 | Entered Level 5 of the Vaults
 52697 | Orc:2    | Bought a potion of mutation for 120 gold pieces
 52697 | Orc:2    | Bought a potion of mutation for 120 gold pieces
 52697 | Orc:2    | Lost mutation: Your muscles are strong. (Str +4, Int/Dex
                  | -1) [potion of mutation]
 52697 | Orc:2    | Lost mutation: You possess an exceptional clarity of mind.
                  | [potion of mutation]
 52697 | Orc:2    | Lost mutation: You occasionally lose the ability to read
                  | scrolls when taking damage. [potion of mutation]
 52697 | Orc:2    | Gained mutation: Your muscles are strong. (Str +4, Int/Dex
                  | -1) [potion of mutation]
 52697 | Orc:2    | Gained mutation: You have hidden genetic potential. [potion
                  | of mutation]
 52697 | Orc:2    | Gained mutation: You occasionally shout uncontrollably at
                  | your foes. [potion of mutation]
 52697 | Orc:2    | Gained mutation: You are partially covered in iridescent
                  | scales. (AC +2) [potion of mutation]
 52898 | Slime:1  | Entered Level 1 of the Pits of Slime
 53287 | Slime:1  | Reached XP level 22. HP: 131/223 MP: 22/22
 53640 | Slime:1  | Received a gift from Trog
 53652 | Slime:1  | Gained mutation: Your spells are a little easier to cast,
                  | but a little less powerful. [a shining eye]
 55600 | Slime:4  | Noticed Dissolution
 55627 | Slime:3  | Killed Dissolution
 55788 | Slime:3  | Received a gift from Trog
 56153 | Slime:5  | Entered Level 5 of the Pits of Slime
 57194 | Slime:5  | Noticed the Royal Jelly
 57203 | Slime:5  | Killed the Royal Jelly
 57446 | Slime:4  | Gained mutation: You are robust. (+10% HP) [hidden
                  | potential]
 57681 | Slime:5  | Identified the +1 chain mail of the Echidna {rElec}
 57701 | Slime:5  | Identified the +0 leather armour of Wavuhuin {Regen+ Str+7
                  | Int+3}
 57716 | Slime:5  | Identified the +3 hand axe of Tijomue {speed, Str+6}
 57779 | Slime:5  | Got a slimy rune of Zot
 57995 | Slime:5  | Acquired 720 gold pieces
 57996 | Slime:5  | Acquired 903 gold pieces
 58421 | Vaults:4 | Acquired the ring of the Shining One's Hope {*Slow rF+++
                  | rC+ rN+ Int+2}
 58759 | Vaults:5 | Noticed a golden dragon
 58930 | Vaults:5 | Killed a golden dragon
 58932 | Vaults:5 | Reached XP level 23. HP: 234/241 MP: 23/23
 60257 | Vaults:4 | Received a gift from Trog
 60496 | Vaults:5 | Reached skill level 27 in Axes
 60638 | Vaults:5 | Identified the +11 hand axe "Xomy" {holy, rElec}
 60638 | Vaults:5 | Identified the amulet "Ybar" {Spirit rC+ Stlth+}
 60639 | Vaults:5 | Identified the +7 sling of Instant Death {flame, Dex+2}
 61932 | Vaults:5 | Identified the ring of Amiryr {*Corrode +Blink rF+ Will+}
 62036 | Vaults:5 | Got a silver rune of Zot
 62430 | Vaults:5 | Identified the +9 hand axe of Vanity {venom, rElec rF+ rC-
                  | Str+5 Int+3}
 62433 | Vaults:5 | Identified the amulet "Bianeppi" {RegenMP rN+ MP+9}
 62436 | Vaults:5 | Identified the ring "Umag" {Ice Int+3 Dex+6}
 62438 | Vaults:5 | Identified the +6 chain mail "Hachuev" {Dex+7}
 62577 | Vaults:5 | Identified the +7 broad axe of Cawnoof {flame, Dex+4} (Trog
                  | gifted it to you on level 5 of the Vaults)
 62577 | Vaults:5 | Received a gift from Trog
 62580 | Vaults:5 | Identified the +8 sling "Feih" {speed, MP+9 Str+3}
 63068 | Vaults:5 | Noticed a golden dragon
 63080 | Vaults:5 | Killed a golden dragon
 63081 | Vaults:5 | Gained mutation: You are strong-willed. (Will+) [hidden
                  | potential]
 63081 | Vaults:5 | Lost mutation: You have hidden genetic potential. [hidden
                  | potential expressed]
 63174 | Vaults:5 | Identified the ring of the Lobster {rC+ rCorr Int-4 Dex+7}
 63392 | Vaults:5 | Identified the amulet of Ziniywke {Spirit rC++ Stlth+}
 63732 | Elf:1    | Entered Level 1 of the Elven Halls
 63961 | Elf:1    | Identified the +1 pair of gloves of Qobbyhiq {rCorr Str+2}
 63961 | Elf:1    | Noticed Nikola
 63975 | Elf:1    | Killed Nikola
 64781 | Elf:1    | Received a gift from Trog
 64784 | Elf:1    | Identified the +4 long sword "Trog's Vengeance" {flame,
                  | rCorr MP+9}
 65286 | Elf:1    | Found a runed translucent gate.
 65286 | Elf:1    | Found a runed translucent gate.
 65286 | Elf:1    | Found a runed translucent gate.
 65286 | Elf:1    | Found a runed translucent gate.
 65286 | Elf:1    | Found a runed translucent gate.
 65294 | Elf:1    | Found a runed translucent gate.
 65689 | Elf:1    | Reached XP level 24. HP: 258/265 MP: 23/23
 65952 | Elf:2    | Found Xahotan's General Store.
 65967 | Elf:2    | Identified the +8 great sword of Starshine {vorpal, rElec}
 65974 | Elf:2    | Paralysed by an air elemental for 1 turns
 65996 | Elf:2    | Paralysed by an air elemental for 1 turns
 66419 | Elf:2    | Found a runed translucent gate.
 66419 | Elf:2    | Found a runed translucent gate.
 66419 | Elf:2    | Found a runed translucent gate.
 66473 | Elf:2    | Received a gift from Trog
 67174 | Elf:3    | Entered Level 3 of the Elven Halls
 67625 | Elf:3    | Received a gift from Trog
 68746 | Elf:3    | Identified the ring of Qulunio {rPois Dex+4 SInv}
 68778 | Elf:3    | Received a gift from Trog
 68786 | Elf:3    | Identified the +8 battleaxe "Moloqeish" {pain, rPois rCorr}
 69122 | Elf:3    | Found a runed translucent door.
 69125 | Elf:3    | Noticed p0werm0de's ghost (adept VSCA)
 69137 | Elf:3    | Killed p0werm0de's ghost
 69820 | Elf:3    | Found the +0 pair of fencer's gloves {Riposte Dex+3}
 69871 | Elf:3    | Identified the +2 cloak "Ryeveg" {Fly rF+}
 69873 | Elf:3    | Identified the +1 pair of boots "Hompos" {rC- Str+6}
 69901 | Elf:3    | Identified the +1 short sword of the Lost Knives {protect,
                  | rN+ rCorr Str-5 Stlth+}
 70417 | Depths:1 | Entered Level 1 of the Depths
 70418 | Depths:1 | Lost mutation: You occasionally shout uncontrollably at
                  | your foes. [potion of mutation]
 70418 | Depths:1 | Lost mutation: You are partially covered in iridescent
                  | scales. (AC +2) [potion of mutation]
 70418 | Depths:1 | Gained mutation: You are highly strong-willed. (Will++)
                  | [potion of mutation]
 70418 | Depths:1 | Gained mutation: You are partially covered in large bone
                  | plates. (SH +4) [potion of mutation]
 70418 | Depths:1 | Gained mutation: Your flesh is cold resistant. (rC+)
                  | [potion of mutation]
 70787 | Depths:1 | Reached skill level 27 in Fighting
 70974 | Depths:1 | Found Mielirio's Jewellery Boutique.
 70981 | Depths:1 | Bought the ring "Hones" {Fly rElec SInv} for 785 gold
                  | pieces
 71138 | Depths:1 | Found a sacrificial altar of Ru.
 71255 | Depths:1 | Received a gift from Trog
 71263 | Depths:1 | Reached XP level 25. HP: 267/282 MP: 23/23
 71614 | Depths:1 | Found a gateway to Hell.
 72197 | Depths:2 | Found Veqiedoloch's Gadget Gallery.
 72202 | Depths:2 | Bought a wand of acid (2) for 109 gold pieces
 72202 | Depths:2 | Bought a wand of iceblast (6) for 187 gold pieces
 72360 | Depths:2 | Found a portal to a secret trove of treasure.
 72645 | D:6      | Killed funkygono's ghost
 72929 | Depths:2 | Found a one-way gate leading to the halls of Pandemonium.
 73005 | Depths:1 | Received a gift from Trog
 73205 | Depths:2 | Found an ancient bone altar of Kikubaaqudgha.
 73490 | Depths:2 | Found a corrupted altar of Lugonu.
 73490 | Depths:2 | Found a one-way gate to the infinite horrors of the Abyss.
 73513 | Depths:2 | Found Ocsourura's Antique Weapon Boutique.
 73777 | Depths:2 | Identified the ring "Nuennu Tups" {rN+ Dex+2}
 74655 | Depths:2 | Received a gift from Trog
 74689 | Depths:2 | Found the amulet of the Four Winds {rN+ Will+++ Clar}
 74967 | Depths:2 | Identified the +8 hand axe "Usolischy" {elec, rCorr Str+5
                  | Dex-2}
 74989 | Depths:2 | Identified the +2 triple sword of Eternal War {holy, rF+
                  | rC- rN+ Int+9}
 74995 | Depths:2 | Identified the +2 flail "Kosol" {vorpal, Dex+8}
 75872 | Depths:3 | Received a gift from Trog
 76201 | Depths:3 | Found a shimmering altar of Xom.
 76503 | Depths:3 | Reached XP level 26. HP: 292/292 MP: 23/23
 76595 | Depths:3 | Found a one-way gateway to a ziggurat.
 76877 | Depths:3 | Found an ancient bone altar of Kikubaaqudgha.
 76877 | Depths:3 | Noticed Jory
 76889 | Depths:3 | Killed Jory
 76890 | Depths:3 | Reached skill level 27 in Shields
 77073 | Zig:1    | Entered Level 1 of a ziggurat
 77404 | Zig:2    | Entered Level 2 of a ziggurat
 77766 | Zig:3    | Entered Level 3 of a ziggurat
 77792 | Zig:3    | Received a gift from Trog
 77814 | Zig:4    | Entered Level 4 of a ziggurat
 77879 | Zig:5    | Entered Level 5 of a ziggurat
 78093 | Zig:6    | Entered Level 6 of a ziggurat
 78356 | Zig:7    | Entered Level 7 of a ziggurat
 78371 | Zig:7    | Reached skill level 10 in Dodging
 78421 | Zig:8    | Entered Level 8 of a ziggurat
 78532 | Zig:8    | Reached skill level 5 in Evocations
 78532 | Zig:8    | Reached XP level 27. HP: 300/300 MP: 23/23
 78537 | Zig:8    | Identified the ring "Tuetyl" {Will++ AC+4 Dex-2 Slay+4}
 78546 | Zig:9    | Entered Level 9 of a ziggurat
 78567 | Zig:9    | Noticed an ancient lich
 78568 | Zig:9    | Received a gift from Trog
 78581 | Zig:10   | Entered Level 10 of a ziggurat
 78982 | Zig:10   | Identified the +11 lajatang "Killer Bee's Foe" {vorpal,
                  | Drain rF+ Str+4}
 78997 | Zig:11   | Entered Level 11 of a ziggurat
 79004 | Zig:11   | Noticed a royal mummy
 79005 | Zig:11   | Noticed a royal mummy
 79013 | Zig:11   | Killed a royal mummy
 79016 | Zig:11   | Killed a royal mummy
 79018 | Zig:11   | HP: 18/450 [something (8)]
 79026 | Zig:11   | HP: 11/450 [something (8)]
 79299 | Zig:11   | Identified the +1 leather armour of the Dice {rF++}
 79301 | Zig:11   | Identified the +7 mace of Makhleb's Favour {venom, rF+
                  | Will++}
 79303 | Zig:11   | Identified the +1 ring mail "Paopp" {rF++ rC+ Int+3 Stlth-}
 79500 | Depths:4 | Entered Level 4 of the Depths
 80382 | Depths:4 | Received a gift from Trog
 80812 | Depths:4 | Found a runed translucent door.
 80826 | Depths:4 | Found a runed translucent door.
 80826 | Depths:4 | Found a runed translucent door.
 80914 | Depths:4 | Found a runed translucent door.
 80980 | Depths:4 | Found a runed translucent door.
 80983 | Depths:4 | Found a runed translucent door.
 81100 | Depths:4 | Found a gate to the Realm of Zot.
 81352 | Zot:1    | Entered Level 1 of the Realm of Zot
 81487 | Zot:1    | Found a transporter.
 81839 | Zot:1    | Found a transporter.
 82201 | Zot:1    | Noticed a dread lich
 82221 | Zot:1    | Killed a dread lich
 82240 | Zot:1    | Received a gift from Trog
 82695 | Zot:1    | Identified the +0 pair of boots of Peddoil {Dex+3 Stlth+}
 82704 | Zot:1    | Identified the amulet "Dostit" {Reflect rPois rF+ SH+5
                  | Stlth-}
 82713 | Zot:1    | Identified the +2 ring mail of Eternal Vigilance {rPois}
 82717 | Zot:1    | Identified the ring of Makhleb's Reproof {MP-9 Str+3 Int+3
                  | Dex+6}
 83377 | Zot:2    | Noticed an orb of fire
 83399 | Zot:2    | Lost mutation: Your muscles are strong. (Str +4, Int/Dex
                  | -1) [an orb of fire]
 83400 | Zot:2    | Killed an orb of fire
 84063 | Zot:2    | Identified the ring of Liberty {Ice Int+2 Dex+2}
 84108 | Zot:2    | Found Vummeq's Changing Room.
 86395 | Zot:3    | Identified the +6 broad axe "Upeesiul" {antimagic, rCorr}
                  | (Trog gifted it to you on level 3 of the Realm of Zot)
 86395 | Zot:3    | Received a gift from Trog
 87435 | Zot:4    | Reached skill level 27 in Armour
 87592 | Zot:4    | Noticed Parghit
 87632 | Zot:4    | Killed Parghit
 88526 | Zot:4    | Identified the -2 cloak of the First Interlopers {Contam
                  | Rampage +Blink}
 88884 | Zot:5    | Entered Level 5 of the Realm of Zot
 88933 | Zot:5    | Identified the +5 hand axe of Dawn {antimagic, rElec} (Trog
                  | gifted it to you on level 5 of the Realm of Zot)
 88933 | Zot:5    | Received a gift from Trog
 89342 | Zot:5    | Noticed an ancient lich
 89367 | Zot:5    | Noticed an orb of fire
 89369 | Zot:5    | Noticed an orb of fire
 89369 | Zot:5    | Noticed an orb of fire
 89371 | Zot:5    | Noticed an orb of fire
 89376 | Zot:5    | Noticed an orb of fire
 89377 | Zot:5    | Noticed an orb of fire
 89377 | Zot:5    | Noticed a dread lich
 89379 | Zot:5    | Noticed an orb of fire
 89382 | Zot:5    | Noticed an orb of fire
 89384 | Zot:5    | Killed an orb of fire
 89393 | Zot:5    | Killed an ancient lich
 89393 | Zot:5    | Noticed an orb of fire
 89394 | Zot:5    | Gained mutation: You occasionally lose the ability to drink
                  | potions when taking damage. [an orb of fire]
 89397 | Zot:5    | Killed an orb of fire
 89400 | Zot:5    | Noticed an orb of fire
 89402 | Zot:5    | Gained mutation: You are weak. (Str -2) [an orb of fire]
 89406 | Zot:5    | Gained mutation: Your body sometimes deteriorates upon
                  | taking damage. [an orb of fire]
 89407 | Zot:5    | Lost mutation: You are weak. (Str -2) [an orb of fire]
 89408 | Zot:5    | Gained mutation: Your body often deteriorates upon taking
                  | damage. [an orb of fire]
 89419 | Zot:4    | Gained mutation: You occasionally shout uncontrollably at
                  | your foes. [an orb of fire]
 89425 | Zot:4    | Gained mutation: Potions are less effective at restoring
                  | your health. [an orb of fire]
 89429 | Zot:4    | Killed an orb of fire
 89823 | Zot:4    | Gained mutation: You sometimes lose your temper in combat.
                  | [an orb of fire]
 89827 | Zot:4    | Gained mutation: Your magical capacity is low. (-10% MP)
                  | [an orb of fire]
 89828 | Zot:4    | Killed an orb of fire
 89828 | Zot:4    | Gained mutation: You frequently scream uncontrollably at
                  | your foes. [an orb of fire]
 89831 | Zot:4    | Gained mutation: You are dopey. (Int -2) [an orb of fire]
 89840 | Zot:4    | Killed an orb of fire
 90026 | Zot:4    | Killed a dread lich
 90027 | Zot:4    | Reached skill level 15 in Dodging
 90031 | Zot:4    | Killed an orb of fire
 90032 | Zot:4    | Killed an orb of fire
 90072 | Zot:5    | Gained mutation: You occasionally lose the ability to read
                  | scrolls when taking damage. [an orb of fire]
 90072 | Zot:5    | Gained mutation: Potions cannot restore your health. [an
                  | orb of fire]
 90092 | Zot:4    | Killed an orb of fire
 90235 | Zot:5    | Lost mutation: Potions cannot restore your health. [an orb
                  | of fire]
 90263 | Zot:5    | Gained mutation: You are weak. (Str -2) [an orb of fire]
 90264 | Zot:5    | Noticed an orb of fire
 90278 | Zot:4    | Killed an orb of fire
 90281 | Zot:4    | Killed an orb of fire
 90362 | Zot:4    | Killed an orb of fire
 91260 | Zot:5    | Noticed an ancient lich
 91276 | Zot:5    | Killed an ancient lich
 92143 | Zot:5    | Got the Orb of Zot
 92579 | Depths:1 | Noticed Hutoicebui the pandemonium lord
 92867 | D:11     | Received a gift from Trog
 93093 | D:$      | Escaped with the Orb!

Illustrated notes

Levels and vault maps discovered:
D:1:      minmay_arrival_cross, layout_loops_ring,
          dreamdust_ecumenical_altar_drowned_temple, bh_walls_and_bars
D:2:      layout_loops_ring, uniq_terence
D:3:      layout_rooms, serial_shops, shop
D:4:      layout_loops_ring, cheibriados_altar_1, minmay_box_of_dots
D:5:      layout_basic, makhleb_blood_cavern_becter,
          mainiacjoe_overflow_alcove_1, elyvilon_altar_3,
          mainiacjoe_overflow_alcove_2, minmay_temple_entry_antechambers,
          uniq_prince_ribbit1
D:6:      layout_loops_ring, gammafunk_ghost_icy, minmay_ruined_shrine,
          uniq_crazy_yiuf_cottage, uniq_grinder
D:7:      layout_cave_pods, nicolae_overflow_quartered_altars, serial_shops,
          shop
D:8:      layout_gridville, minmay_guarded_unrand_variability
D:9:      layout_roguey, mainiacjoe_overflow_cross_hatched,
          grunt_lair_entry_orc_guard_hut, uniq_pikel
D:10:     layout_gridville, lemuel_tele_altar, nicolae_overflow_hidden_temple,
          orc_0_dummy, enter_bailey_4, gammafunk_ghost_necromancy, minivault_1,
          eino_small_chamber_without_monster, minivault_4
D:11:     layout_irregular_city
D:12:     minmay_the_grid_triangle_9x9_rhombus_full
          [minmay_the_grid_triangle_9x9_from_above,
          minmay_the_grid_triangle_9x9_thin_v,
          minmay_the_grid_triangle_9x9_alien,
          minmay_the_grid_triangle_9x9_flanged_cone,
          minmay_the_grid_triangle_9x9_pentomino_pain,
          minmay_the_grid_triangle_9x9_intruding_spiral,
          minmay_the_grid_triangle_9x9_swiss_cheese,
          minmay_the_grid_triangle_9x9_prize_insulated], layout_long_grid,
          uniq_urug
D:13:     layout_basic, david_vaults_2, special_room [special_room_orc],
          uniq_snorg, uniq_kirke, uniq_nessos
D:14:     layout_rooms, minmay_misc_feat_tower,
          portal_ice_cave_entry_ice_statue_two
D:15:     grunt_enter_depths_snipers, layout_loops_ring, serial_shops,
          nicolae_shop_competitors_out_of_business,
          hangedman_abyss_or_decor_passed
Temple:   dpeg_chambers_temple
Lair:1:   layout_regular_city, dreamdust_mushroom_princess,
          nicolae_lair_lakeside_cave, grunt_megastairs_4,
          infiniplex_staircase_pool
Lair:2:   lemuel_reptile_caves, layout_regular_city, minmay_swamp_entry_wisps,
          minmay_snake_entry_six_corridors
Lair:3:   layout_cave_pods
Lair:4:   layout_roguey [special_room_bee], minmay_slime_entry_oklob_enclosed,
          pond
Lair:5:   minmay_lair_end_frog_pond, layout_loops_ring, lemuel_fruit_fields
Swamp:1:  layout_falls_marsh, evilmike_swamp_ruin_house_5
Swamp:2:  gammafunk_sealed_arena, layout_basic_swamp,
          gammafunk_ghost_wrathful_warriors, evilmike_swamp_ruin_rubble_2,
          nicolae_swamp_oklob_treasure_island
Swamp:3:  layout_basic_swamp, evilmike_swamp_ruin_rubble_1
Swamp:4:  swamp_vile, layout_basic_swamp
Snake:1:  layout_basic, basic_altar, grunt_ministairs_4, uniq_louise
Snake:2:  layout_chambers, nicolae_snake_mages_go_home, uniq_azrael
Snake:3:  layout_gridlike, serial_shops, shop, uniq_mara, uniq_donald,
          uniq_bai_suzhen
Snake:4:  hellmonk_snake_rune_quicksilver_temple, layout_cave_town,
          grunt_megastairs_2, uniq_aizul
Slime:1:  layout_caves
Slime:2:  layout_caves
Slime:3:  layout_caves
Slime:4:  layout_caves, dissolution_awaits
Slime:5
Orc:1:    layout_caves, basic_altar, nicolae_orc_rockfall,
          nicolae_orc_tapped_out
Orc:2:    st_orc_rangers, layout_caves, minmay_orc_keep
Elf:1:    layout_onion_city, orc_legates, uniq_nikola
Elf:2:    nicolae_elf_blades_splatter_lattice [nooodl_blade_entry_preview],
          layout_loops_cross, serial_shops, shop_fountains, amethyst_killhole
Elf:3:    minmay_elf_hall_four_x, layout_onion_city,
          ebering_ghost_reflecting_pool, hangedman_elf_represent
Vaults:1: mu_enter_wizlab_1, hangedman_vaults_trim, gammafunk_sealed_library,
          vaults_dpeg_emergency_exit, v_alt_pattern_5,
          nicolae_vaults_network_quinsquares
          [nicolae_vaults_network_quincunx_subvault,
          nicolae_vaults_network_quincunx_subvault,
          nicolae_vaults_network_quincunx_subvault,
          nicolae_vaults_network_quincunx_subvault], vaults_room_octagon,
          v_misc_30, hangedman_vaults_corner, v_rooms_3, vaults_room_pools,
          ontoclasm_vaults_gateway, vaults_dpeg_diagonal, vaults_room_pools,
          layout_vaults_omnicross
Vaults:2: vaults_mumra_minichess_inversion, v_misc_23,
          hangedman_vaults_restitches, nicolae_vaults_what_the_h,
          vaults_room_grid, vaults_room_mumra_shop_pool, v_misc_2,
          nicolae_vaults_mini_display_case, layout_vaults_omnigrid,
          serial_shops, nicolae_square_shop
Vaults:3: nicolae_vaults_yaktaur_gun_rack, nicolae_vaults_little_squares_2,
          v_pattern_4, minmay_crypt_entry_necro_gods,
          nicolae_vaults_angled_halls, vaults_room_corners, v_misc_16,
          vaults_room_pools, layout_vaults_big_room
Vaults:4: hangedman_vaults_capsules, vaults_standard_mumra_x, vaults_dpeg_hooks,
          ontoclasm_vaults_fault, ontoclasm_vaults_twist, vaults_mumra_chevron,
          ontoclasm_vaults_claustrophobia, st_lattice, nicolae_vaults_asterisk,
          hangedman_vaults_stretched_pinwheel, dpeg_vaults_monster_box,
          ontoclasm_vaults_pinch, layout_vaults_ring, serial_shops,
          nicolae_diamond_shop
Vaults:5: serial_shops
Depths:1: layout_gridlike, chequers_big_river, serial_shops,
          nicolae_square_shop, pf_hell_entry_great_geh, nicolae_ru_path_of_blood
Depths:2: evilmike_negative_zone, layout_gridlike, hell_entry, serial_shops,
          shop, minmay_misc_feat_diagonals, nicolae_trove_entry_crossroad,
          pan_entry, abyss_entry_flame_altar, nicolae_shop_gadgets,
          infiniplex_staircase_x
Depths:3: lemuel_vampire_tower, layout_cave_pools, enter_ziggurat_a,
          minmay_room_of_horrors, hell_entry, hangedman_glass_teeth,
          xom_confusion_cloud
Depths:4: evilmike_zot_entry_castle, layout_twisted_cross, hell_entry,
          hellmonk_bongcloud_opening
Zot:1:    gammafunk_dig_for_victory, layout_basic, skrybe_zot_glass_1
Zot:2:    kennysheep_oblong_rooms, layout_basic, nicolae_transmutations_shop,
          grunt_megastairs_5
Zot:3:    layout_misc_corridors
Zot:4:    layout_cathedral_of_symmetry, uniq_parghit
Zot:5:    layout_cathedral_of_symmetry

Skill      XL: |  1  2  3  4  5  6  7  8  9 10 11 12 13 14 15 16 17 18 19 20 21 22 23 24 25 26 27 |
---------------+----------------------------------------------------------------------------------+-----
Axes           | 3 5 6 8 9 11 13 15 16 17 18 19 20 21 22 23 24 25 26 27 | 27.0
Fighting       | 4 5 6 7 8 9 11 12 14 15 17 18 20 21 23 24 25 26 27 | 27.0
Armour         | 4 5 6 7 8 10 11 13 14 15 16 17 18 19 20 21 22 27 | 27.0
Shields        | 4 5 6 7 9 10 12 14 16 17 18 19 20 22 24 26 27 | 27.0
Evocations     | 1 2 3 4 5 9 |  9.7
Dodging        | 1 2 3 4 5 6 7 9 10 17 | 17.4

Action                   |  1- 3 |  4- 6 |  7- 9 | 10-12 | 13-15 | 16-18 | 19-21 | 22-24 | 25-27 || total
-------------------------+-------+-------+-------+-------+-------+-------+-------+-------+-------++-------
Melee: War axe           |    64 |   112 |   277 |   265 |       |       |       |       |       ||   718
       Hand axe          |       |       |       |   424 |  1041 |       |       |   960 |    74 ||  2499
       Broad axe         |       |       |       |       |   459 |  1130 |  1118 |   648 |  2347 ||  5702
       Unarmed           |       |       |       |       |     5 |       |       |       |       ||     5
Invok: Berserk           |       |       |     2 |    13 |    12 |    16 |     6 |     9 |    16 ||    74
       Trog's Hand       |       |       |       |       |     4 |     4 |     6 |     4 |     2 ||    20
       Brothers in Arms  |       |       |       |       |     3 |     5 |     1 |     1 |       ||    10
Evoke: Wand              |       |       |       |    26 |    30 |    14 |       |     9 |    17 ||    96
  Use: Potion            |     1 |     2 |     2 |       |     2 |    16 |     8 |     6 |     2 ||    39
       Scroll            |       |       |    11 |     5 |    13 |    12 |     4 |    24 |    11 ||    80
 Stab: Confused          |       |       |       |       |     1 |       |       |       |       ||     1
       Distracted        |       |       |       |       |     1 |     1 |       |     2 |       ||     4
Armor: Plate armour      |    29 |    81 |   174 |   348 |   160 |       |       |       |       ||   792
       Scale mail        |     6 |       |       |       |       |       |       |       |       ||     6
       Chain mail        |       |       |       |       |   879 |   551 |   440 |   364 |       ||  2234
       Gold dragon scale |       |       |       |       |       |       |       |   240 |   747 ||   987
Dodge: Dodged            |    18 |    32 |    86 |   190 |   575 |   219 |   194 |   304 |   398 ||  2016
Block: Buckler           |    16 |    25 |    77 |   130 |   399 |    30 |       |       |       ||   677
       Reflection        |       |       |       |       |    31 |   111 |    64 |    32 |       ||   238
       Tower shield      |       |       |       |       |       |  1117 |  1009 |  1742 |  2502 ||  6370
       Kite shield       |       |       |       |       |       |     8 |       |       |       ||     8
